Cogmind - Beta 10.2 *** ADVENTURER MODE // 2021.10.29 @ 13:37:53 Player: PersmaticCoreSerial_K4E2 Result: Self-destructed Performance ------------- Evolutions (1) 500 Regions Visited (3) 600 Robots Destroyed (26) 130 Value Destroyed (484) 484 Prototype IDs (4) 80 Alien Tech Used (0) 0 Bonus (0) 0 TOTAL SCORE: 1794 Bonus ------- None Cogmind --------- Core Integrity 269/400 Matter 53/300 Energy 232/280 System Corruption 0% Temperature Cool (12) Movement Flying (117) Ox1 Location -9/Storage Parts ------- > --- POWER (1) -------- Cooled Ion Engine > --- PROPULSION (3) --- VTOL Module VTOL Module > --- UTILITY (3) ------ Improved Sensor Array Improved Signal Interpreter Seismic Analyzer > --- WEAPON (2) ------- Improved Medium Laser > --- INVENTORY (4) ---- Cooled Ion Engine Large Matter Pod (0) Improved Terrain Scanner Peak State ------------ > --- POWER ------------ Heavy Ion Engine > --- PROPULSION ------- VTOL Module VTOL Module VTOL Module > --- UTILITY ---------- Improved Sensor Array Improved Signal Interpreter Seismic Analyzer > --- WEAPON ----------- Improved Medium Laser Datajack > --- INVENTORY -------- VTOL Module Large Matter Pod Improved Terrain Scanner [Rating: 18] Favorites ----------- Power Light Ion Engine Engine Light Ion Engine Propulsion VTOL Module Wheel Wheel Flight Unit VTOL Module Utility Seismic Analyzer Device Sensor Array Storage Small Storage Unit Processor Seismic Analyzer Weapon Medium Laser Energy Gun Medium Laser Launcher Rocket Launcher Special Weapon Mining Laser Special Melee Weapon Datajack Build | -11 -10 -9 -9 ------- Run | Scr Mat Mat Sto Slots Evolved 2 | . . 2 . Power . | . . . . Propulsion 1 | . . 1 . Utility 1 | . . 1 . Weapon . | . . . . Parts Attached 45 | 9 16 16 4 Power 5 | 1 1 1 2 Engine 5 | 1 1 1 2 Core . | . . . . Reactor . | . . . . Propulsion 10 | 2 5 1 2 Treads . | . . . . Leg . | . . . . Wheel 5 | 2 3 . . Hover . | . . . . Flight 5 | . 2 1 2 Utility 14 | 3 2 9 . Device 7 | . . 7 . Storage 4 | 2 2 . . Processor 3 | 1 . 2 . Hackware . | . . . . Protection . | . . . . Artifact . | . . . . Weapon 16 | 3 8 5 . Energy Gun 7 | 2 4 1 . Energy Cannon . | . . . . Ballistic Gun . | . . . . Ballistic Cannon . | . . . . Launcher 1 | . . 1 . Special Weapon 4 | 1 2 1 . Impact Weapon . | . . . . Slashing Weapon . | . . . . Piercing Weapon . | . . . . Special Melee Weapon 4 | . 2 2 . Unidentified Prototypes 2 | . . 1 1 Parts Lost 6 | . . 3 3 Power . | . . . . Propulsion 2 | . . . 2 Utility . | . . . . Weapon 4 | . . 3 1 Highest Loss Streak 3 | . . 3 3 Average Slot Usage (%) 94 | . 90 99 95 Engine 11 | . 11 11 11 Wheel 10 | . 23 . . Flight 18 | . 2 33 30 Device 5 | . . 11 11 Storage 6 | . 14 . . Processor 18 | . 14 21 22 Energy Gun 8 | . 13 . 11 Launcher 1 | . . 5 . Special Weapon 6 | . 6 10 . Special Melee Weapon 5 | . 3 5 9 Naked Turns . | . . . . Heaviest Build 23 | 15 23 9 13 Greatest Support 26 | 26 26 15 15 Greatest Overweight (x) 5 | 2 5 . 1 Average Overweight (x) . | . . . . Largest Inventory Capacity 10 | 8 10 10 4 Average Capacity 6 | 6 9 4 4 Most Carried 10 | 6 10 9 4 Average Carried 5 | 3 9 3 3 Final Capacity 10 | 6 10 4 4 Final Carried 10 | 6 10 3 3 Class Distribution -------------------- 100% | Mutant Dominant Class ---------------- Mutant | -10/Materials Mutant | -9/Materials Mutant | -9/Storage Resources | -11 -10 -9 -9 ----------- Run | Scr Mat Mat Sto Matter Collected 520 | 280 118 122 . Remotely . | . . . . Salvage Created 754 | 267 118 350 19 Parts 46 | 21 4 19 2 Haulers Intercepted . | . . . . Recyclers Shooed . | . . . . Parts Field Recycled . | . . . . Retrieved Matter . | . . . . Parts Self-Destructed . | . . . . Prevented . | . . . . Kills | -11 -10 -9 -9 ------- Run | Scr Mat Mat Sto Combat Hostiles Destroyed 11 | . 2 8 1 Guns 3 | . 2 . 1 AOE 8 | . . 8 . Classes Destroyed 7 | 2 2 3 . Builder 1 | . . 1 . Tunneler 9 | 9 . . . Recycler 3 | 1 . 2 . Watcher 2 | . 1 1 . Swarmer 4 | . . 3 1 Grunt 5 | . 2 3 . Sentry 2 | . . 2 . Best Kill Streak 12 | 6 1 12 1 Combat Bots Only 8 | . 1 8 1 Max Kills in Single Turn 3 | 1 1 3 1 Gunslinging . | . . . . Exploded 2 | . . 2 . Melee . | . . . . Uniques/NPCs Destroyed . | . . . . Combat | -11 -10 -9 -9 -------- Run | Scr Mat Mat Sto Damage Taken 563 | . 113 207 243 Core 155 | . 24 49 82 Absorbed by Shields . | . . . . Core Remaining (%) 95 | 100 90 . . Volleys Fired 80 | 11 25 30 14 Largest 2 | 2 2 1 1 Hottest 100 | 100 100 100 56 Shots Fired 102 | 22 36 30 14 Gun 58 | 22 22 . 14 Cannon . | . . . . Launcher 12 | . . 12 . Special 32 | . 14 18 . Kinetic . | . . . . Thermal 90 | 22 36 18 14 Explosive 12 | . . 12 . Electromagnetic . | . . . . Robot Hit Streak 17 | 17 7 2 3 Robot Miss Streak 2 | 1 1 2 1 Penetration Max . | . . . . Secondary Targets . | . . . . Shots Hit Robots 49 | 18 18 6 7 Core Hits 37 | 11 6 18 2 Critical Hits . | . . . . Critical Kills . | . . . . Critical Parts Destroyed . | . . . . Melee Attacks 4 | . 1 . 3 Impact . | . . . . Slashing . | . . . . Piercing . | . . . . Sneak Attacks 4 | . 1 . 3 Combat Hostiles . | . . . . Follow-up Attacks . | . . . . Damage Inflicted 1248 | 224 225 716 83 Guns 508 | 224 201 . 83 Cannons . | . . . . Explosions 716 | . . 716 . Melee . | . . . . Ramming . | . . . . Kinetic . | . . . . Thermal 532 | 224 225 . 83 Explosive 716 | . . 716 . Electromagnetic . | . . . . Impact . | . . . . Slashing . | . . . . Piercing . | . . . . Highest Corruption . | . . . . Average Corruption . | . . . . Corruption Purged . | . . . . Overload Shots . | . . . . Overflow Damage 7 | . . 7 . Projectiles . | . . . . Explosions 7 | . . 7 . Melee . | . . . . Knockbacks . | . . . . Impact . | . . . . Kinetic . | . . . . Secondary . | . . . . Self-Inflicted Damage 24 | . . 24 . Shots 2 | . . 2 . Rammed . | . . . . Targets Rammed . | . . . . Kicked . | . . . . Crushed . | . . . . Highest Temperature 306 | 156 306 72 112 Average Temperature 50 | 57 70 25 44 Received Heat Transfer 228 | . 84 75 69 Effects 1 | . 1 . . Energy Bleed 1 | . 1 . . Siege Activations . | . . . . Robots Corrupted . | . . . . Combat Hostiles . | . . . . Parts Fried . | . . . . Impact Corruptions . | . . . . Robots Melted . | . . . . Combat Hostiles . | . . . . Parts Melted 5 | 2 3 . . Heat Transferred 1493 | 666 642 . 185 Parts Sabotaged . | . . . . Parts Stolen . | . . . . Parts Stripped . | . . . . Power Chain Reactions . | . . . . Missiles Intercepted . | . . . . Alert | -11 -10 -9 -9 ------- Run | Scr Mat Mat Sto Peak Influence 382 | 50 119 382 205 Initial 132 | . 28 42 132 Average 76 | 21 64 101 145 Maximum Alert Level 1 | . . 1 1 Low Security (%) 95 | 100 100 82 98 Level 1 4 | . . 17 1 Level 2 . | . . . . Level 3 . | . . . . Level 4 . | . . . . Level 5 . | . . . . High Security . | . . . . Max Security . | . . . . Squads Dispatched 3 | . . 2 1 Investigation 1 | . . . 1 Extermination . | . . . . Reinforcement 2 | . . 2 . Assault . | . . . . Garrison . | . . . . Intercept . | . . . . Construction Impeded 1 | . . 1 . Haulers Reinforced . | . . . . Stealth | -11 -10 -9 -9 --------- Run | Scr Mat Mat Sto Distress Signals 1 | . . 1 . Communications Jammed . | . . . . Distress Signals . | . . . . Times Spotted 26 | . 4 13 9 Peak Tracking Total 10 | . 2 8 10 Tactical Retreats 2 | . . 2 . Traps | -11 -10 -9 -9 ------- Run | Scr Mat Mat Sto Traps Triggered 3 | . 3 . . Indirectly . | . . . . Trap Hack Attempts . | . . . . Triggered . | . . . . Disarmed . | . . . . Reprogrammed . | . . . . Reused . | . . . . Traps Extracted . | . . . . Installed . | . . . . Triggered . | . . . . Machines | -11 -10 -9 -9 ---------- Run | Scr Mat Mat Sto Machines Disabled 4 | . . 2 2 Max in Single Turn 1 | . . 1 1 Machines Sabotaged . | . . . . Garrisons Compromised . | . . . . Overloaded Fab Kills . | . . . . Fab Network Shutdowns . | . . . . Hacking | -11 -10 -9 -9 --------- Run | Scr Mat Mat Sto Machines Accessed 5 | . 2 . 3 Terminals 4 | . 2 . 2 Fabricators . | . . . . Repair Stations 1 | . . . 1 Recycling Units . | . . . . Scanalyzers . | . . . . Garrison Access . | . . . . Total Hacks 13 | . 7 . 6 Successful 7 | . 3 . 4 Failed 6 | . 4 . 2 Catastrophic . | . . . . Database Lockouts . | . . . . Manual . | . . . . Terminals 11 | . 7 . 4 Fabricators . | . . . . Repair Stations 2 | . . . 2 Recycling Units . | . . . . Scanalyzers . | . . . . Garrison Access . | . . . . Terminal Hacks 5 | . 3 . 2 Prototype ID Bank 1 | . 1 . . Open Door 1 | . . . 1 Dispatch Records 1 | . . . 1 Zone Layout 2 | . 2 . . Fabricator Hacks . | . . . . Repair Station Hacks 2 | . . . 2 Scan Component 1 | . . . 1 Repair 1 | . . . 1 Recycling Unit Hacks . | . . . . Scanalyzer . | . . . . Garrison Access Hacks . | . . . . Unauthorized Hacks . | . . . . Terminals . | . . . . Fabricators . | . . . . Repair Stations . | . . . . Recycling Units . | . . . . Scanalyzers . | . . . . Garrison Access . | . . . . Data Cores Recovered . | . . . . Used . | . . . . Hacking Detections 4 | . 2 . 2 Full Trace Events 1 | . . . 1 Feedback Events . | . . . . Feedback Blocked . | . . . . Robot Schematics Acquired . | . . . . Robots Built . | . . . . Matter . | . . . . Time . | . . . . Total Robot Build Rating . | . . . . Part Schematics Acquired . | . . . . Parts Built . | . . . . Matter . | . . . . Time . | . . . . Total Part Build Rating . | . . . . Parts Repaired 1 | . . . 1 Time 32 | . . . 32 Parts Recycled . | . . . . Recycled Matter . | . . . . Retrieved Matter . | . . . . Retrieved Components . | . . . . Parts Scanalyzed . | . . . . Part Schematics Acquired . | . . . . Parts Damaged . | . . . . Bothacking | -11 -10 -9 -9 ------------ Run | Scr Mat Mat Sto Used RIF Installer . | . . . . Robots Hacked 2 | . 1 . 1 Non-combat 2 | . 1 . 1 Combat . | . . . . Robot Hacks Applied 4 | . 1 . 3 no_distress 2 | . . . 2 find_recycling 1 | . 1 . . find_station 1 | . . . 1 Relay Couplers Released . | . . . . Robots Rewired . | . . . . Allies Hacked . | . . . . Hacks Repelled . | . . . . Allies | -11 -10 -9 -9 -------- Run | Scr Mat Mat Sto Total Allies . | . . . . Largest Group . | . . . . Highest-Rated Group . | . . . . Highest-Rated Ally . | . . . . Total Orders . | . . . . Ally Attacks . | . . . . Total Damage . | . . . . Kills . | . . . . Allies Corrupted . | . . . . Allies Melted . | . . . . Intel | -11 -10 -9 -9 ------- Run | Scr Mat Mat Sto Robot Analysis Total . | . . . . Derelict Logs Recovered . | . . . . Drone Launches . | . . . . Drone Recoveries . | . . . . Exploration | -11 -10 -9 -9 ------------- Run | Scr Mat Mat Sto Turns Passed 985 | 228 342 265 150 Spaces Moved 612 | 124 210 143 135 Core 22 | 13 9 . . Treads . | . . . . Legs . | . . . . Wheels 296 | 111 185 . . Hover . | . . . . Flight 294 | . 16 143 135 Fastest Speed 34 | 50 80 34 34 Average Speed 70 | 88 101 35 41 Slowest Speed 300 | 150 300 37 117 Overloaded Moves . | . . . . Propulsion Burnouts . | . . . . Robots Hopped . | . . . . Cave-ins Triggered . | . . . . Exploration Rate (%) 24 | 4 39 28 28 Regions Visited 3 Branch Regions 1 Pre-discovered Areas . | . . . . Known Exits Taken 1 | . . 1 . Unknown Exits Taken 2 | 1 1 . . Scrap Searched . | . . . . Spaces Dug 30 | . 13 17 . Terrain Destroyed 118 | . 13 105 . Melee . | . . . . Projectile 31 | . 13 18 . AOE 87 | . . 87 . Terrain Rammed . | . . . . Walls Destroyed . | . . . . Machines Disabled . | . . . . Actions | -11 -10 -9 -9 --------- Run | Scr Mat Mat Sto Total 988 | 218 271 287 212 Wait 208 | 59 2 95 52 Move 609 | 123 209 142 135 Hop . | . . . . Pick Up 23 | 10 10 1 2 Fast Attach 17 | 9 4 2 2 Attach 11 | . 2 7 2 Detach 1 | . 1 . . Swap 18 | . 10 8 . Drop 17 | 6 7 2 2 Fire 80 | 11 25 30 14 Melee 4 | . 1 . 3 Ram . | . . . . Kick . | . . . . Crush . | . . . . Escape Stasis . | . . . . Rewire . | . . . . Trap . | . . . . Miscellaneous . | . . . . Route ------- -11/Scrapyard -10/Materials (discovered 2 exits: *Mat / [*Min]) -9/Materials -9/Storage History --------- Turn | Location | Event 4 | -11/Scrapyard | Discovered new exit (range 16) 229 | -11/Scrapyard | Entered Materials 301 | -10/Materials | Build established: Mutant 395 | -10/Materials | Discovered new exit (range 12) 517 | -10/Materials | Discovered new exit (range 15) 571 | -10/Materials | Entered another Materials area 571 | -9/Materials | Evolved 2 slots: Propulsion x1, Utility x1 814 | -9/Materials | Discovered new exit (range 15) 830 | -9/Materials | Destroyed 8 combat bots 836 | -9/Materials | Identified exit to Storage 836 | -9/Materials | Entered Storage 854 | -9/Storage | Lost 3 parts (3w) 877 | -9/Storage | Repaired VTOL Module 986 | -9/Storage | Self-destructed Last Messages --------------- >>no_distress Distress signal routine blocked. 00918_ Component Storage disabled. 00940_ K-01 Serf collects debris. 00942_ Connecting with Door Terminal... >>Open Sealed Heavy Doors opened. 00942_ ALERT: Suspicious activity at Terminal S011. Dispatching Investigation squad. 00944_ Dropped Lgt. Ion Engine. 00944_ Acquired Prototype Engine. 00944_ Identified Hvy. Ion Engine. 00947_ Dropped Hvy. Ion Engine. 00947_ Acquired Cld. Ion Engine. 00960_ Datajack destroyed. 00961_ S-10 Pest destroyed. 00961_ K-01 Serf collects debris. 00963_ VTOL Module destroyed. 00973_ K-01 Serf collects debris. 00986_ VTOL Module destroyed. Map ----- +----------------------------------------------------+ | #????????# #??####?????????????????????????? | | #????????# # #?????????????????????????? | | #####+#### / #?????????????????????????? | | """ + *%[ #???? #?????????????????????????? | | """ ##### #??? #?????????????????????????? | | """ #####+##### #??? #?????????????????????????? | | ## ##??# #?? #?????????????????????????? | | ####### T#??# #? #?????????????????????????? | | ??????## ###?# # #?????????????????????????? | | ??????# #?# # #?????????????????????????? | | ??????# * **#?# + #?????????????????????????? | | ??????#** *#?# # #?????????????????????????? | | ??????#**** *#?# #?? #?????????????????????????? | | ??????########?# #??####?????????????????????????? | | ??????????######/#### ###????????????????????????? | | ??????????#=!! ##!!! ????????????????????????? | | ??????????#!! #?!!! ??????????????????????? | | ??????????#!! s #?!! ????????????????????? | | ??????????# #?? ????????????????????? | | ??????????# r ##Y ????????????????????? | | ??????????# ws Y #?? """?????????????????????? | | ??????????# ##?? """?????????????????????? | | ??????????# #???? ""??????????????????????? | | ??????????# #???? ??????????????????????? | | ?????????######+#########/########### ???????????? | | ?????????# @ #????????? | | ?????????# u #????????? | | ?????????# u a gk #????????? | | ?????????################### ######+####?????????? | | ????????????????????????????g#???????????????????? | | ?????????????????????????????#???????????????????? | | ?????????????????????????????????????????????????? | | ?????????????????????????????????????????????????? | | ????????????????????????????u????????????????????? | | ?????????????????????????????????????????????????? | | ?????????????????????????????????????????????????? | | ?????????????????????????????????????????????????? | | ????????????????????????????u????????????????????? | | ?????????????????????????????????????????????????? | | ?????????????????????????????????????????????????? | | ?????????????????????????????????????????????????? | | ?????????????????????????????????????????????????? | | ?????????????????????????????????????????????????? | | ?????????????????????????????????????????????????? | | ?????????????????????????????????????????????????? | | ?????????????????????????????????????????????????? | | ?????????????????????????????????????????????????? | | ?????????????????????????????????????????????????? | | ?????????????????????????????????????????????????? | | ?????????????????????????????????????????????????? | +----------------------------------------------------+ Best States ------------- Heat Dissipation 28 Energy Generation 14 Energy Capacity 280 Matter Stores 300 Matter Capacity 300 Sight Range 16 Robot Scan Range 13 Terrain Scan Range 16 Terrain Scan Density 60 Resistance: KI 20 Resistance: TH 20 Resistance: EX 20 Resistance: EM 20 Resistance: I 20 Resistance: S 20 Resistance: P 20 Evasion (%) 63 Offensive Hacking 10 Item Schematics ----------------- None Robot Schematics ------------------ None Fabricated ------------ Nothing Alien Tech Used ----------------- None Achievements -------------- None Challenges ------------ None Game ------ Seed LinearInsulatedSpear Manual? 0 Play Time 00:27:37 Cumulative 2.9 hours Start 2021.10.29 @ 12:57:01 End 2021.10.29 @ 13:37:53 Sessions 2 Manual Loads 0 Difficulty Adventurer Special Mode None Game No. 5 Rogue 0 Adventurer 5 Explorer 0 Win Type - Total 0 Types 0/0/0/0/0/0/0/0/0 Lore% 1 Gallery% 13 Achievement% 9 Wizard Run 0 Options --------- ASCII 0 Keyboard 0 Movement Mouse Keybinds 0 Fullscreen 0 Font 16/Terminus Map View 76x50 Tactical HUD 1 Map Filters NONE Filters NONE Steam 1 RUN: aa592650-5611-435c-8e9b-8d51e21a7e7b